 Dungeon Crawl Stone Soup version 0.17.1-2-g5865329 (webtiles) character file.

19 Opium the Magician (level 2, -1/15 HPs)
             Began as a Deep Elf Wizard on Jan 17, 2016.
             Slain by an adder (3 damage)
             ... on level 2 of the Dungeon.
             The game lasted 00:03:41 (913 turns).

Opium the Magician (Deep Elf Wizard)                 Turns: 913, Time: 00:03:41

Health: -1/15      AC:  2    Str:  4    XL:     2   Next: 55%
Magic:  7/10       EV: 12    Int: 22    God:
Gold:   27         SH:  0    Dex: 13    Spells: 4 memorised, 4 levels left

rFire  . . .     SeeInvis .     l - +0 dagger
rCold  . . .     Clarity  .     a - +0 robe
rNeg   . . .     SustAt   .     (no shield)
rPois  .         Gourm    .     b - +0 hat
rElec  .         Spirit   .     (no cloak)
rCorr  .         Warding  .     (no gloves)
rMut   .         Stasis   .     (no boots)
MR     .....                    (no amulet)
Stlth  ++........               (no ring)
                                (no ring)

@: lethally poisoned (-1 -> -11), very slightly contaminated, repel missiles,
not resistant to hostile enchantments, unstealthy
A: no striking features
a: no special abilities


You were on level 2 of the Dungeon.
You were not hungry.

You visited 1 branch of the dungeon, and saw 2 of its levels.

You collected 27 gold pieces.

Inventory:

Hand Weapons
 l - a +0 dagger (weapon)
Armour
 a - a +0 robe (worn)
 b - a +0 hat (worn)
Scrolls
 g - a scroll of remove curse
 m - a scroll of blinking
 n - 2 scrolls of teleportation {unknown}
Potions
 f - 3 potions of curing
 h - a potion of degeneration {unknown}
 j - a potion of flight {unknown}
 k - a potion of haste {unknown}
 o - a potion of cure mutation {unknown}
Books
 c - a book of Minor Magic

   Spells                             Type                      Level
   a - Magic Dart                     Conjuration                  1
   b - Blink                          Translocation                2
   c - Call Imp                       Summoning                    2
   d - Repel Missiles                 Charms/Air                   2
   e - Slow                           Hexes                        2
   f - Conjure Flame                  Conjuration/Fire             3
   g - Mephitic Cloud                 Conjuration/Poison/Air       3
Comestibles
 d - a bread ration


   Skills:
 + Level 2.5 Dodging
 + Level 2.5 Stealth
 + Level 5.3 Spellcasting
 + Level 1.3 Conjurations
 + Level 1.1 Summonings
   Level 1.1 Translocations


You had 4 spell levels left.
You knew the following spells:

 Your Spells              Type           Power        Failure   Level  Hunger
a - Magic Dart            Conj           ##..         8%          1    None
b - Call Imp              Summ           ##......     12%         2    None
c - Repel Missiles        Chrm/Air       #.....       17%         2    None
d - Slow                  Hex            #.......     17%         2    None


Dungeon Overview and Level Annotations

Branches:
Dungeon (2/15)

Altars:


Message History

You feel sick. The adder barely misses you. The adder bites you.
You are more poisoned.
The adder poisons you!
You feel sick.
You feel sick.
You open the door.
You feel sick. The adder closely misses you.
The adder bites you but does no damage.
There is an open door here.
You feel sick.
You feel sick. The adder bites you.
* * * LOW HITPOINT WARNING * * *
You are more poisoned.
The adder poisons you!
* * * LOW HITPOINT WARNING * * *
You feel sick.
* * * LOW HITPOINT WARNING * * *
You feel sick. The adder bites you.
You die...

..#........#.##.###.# #..........
# ##.#######.##.###.# #.....#####
#.# #.##.>...# ##...## ##'##
#.#####..# ##.## ##...##
#.#####..# #.# ##..[..##
#........# #.#### #.......##
###.###.## #.##.##
....(....####.......#####.#...###
.........'.....S@..)..(.(........
.........####.......#####.#(..###
#.......## #.......# #.##.##
##.....## #.......# ###.#####
##...## #.......# #.......# ##'##
#.......# #.#.###.# #.# ####.####
#.#.....# #.# #.# #.#####.# #.#
#.#####.#


You could see an adder.

Vanquished Creatures
  A giant cockroach (D:1)
  2 goblins (D:1)
  6 hobgoblins
  3 kobolds
  A quokka (D:2)
  A giant newt (D:1)
  2 rats
16 creatures vanquished.

Notes
Turn   | Place    | Note
--------------------------------------------------------------
     0 | D:1      | Opium the Deep Elf Wizard began the quest for the Orb.
     0 | D:1      | Reached XP level 1. HP: 10/10 MP: 7/7
   344 | D:1      | Reached skill level 5 in Spellcasting
   344 | D:1      | Reached XP level 2. HP: 15/15 MP: 8/10
   489 | D:1      | Learned a level 2 spell: Call Imp
   492 | D:1      | Learned a level 2 spell: Repel Missiles
   495 | D:1      | Learned a level 2 spell: Slow
   913 | D:2      | Slain by an adder

Action                   || total
-------------------------++-------
Melee: Unarmed           ||     1
       Dagger            ||     7
 Cast: Magic Dart        ||    37
       Repel Missiles    ||     1
  Use: Scroll            ||     3
 Stab: Sleeping          ||     1
